Map: Sanctuary III LE

Players

반포골드핑거 - Winner!

  • Race: Zerg Zerg
  • League: Master

SialicAcid

  • Race: Terran Terran
  • League: Diamond

VOD

Have the link to the VOD?

Description

Time

  • Played on: Sept. 23, 2026, 4:26 p.m.
  • Length: 12:08
Show
View Real Time Build Order
Export as new Build Order

반포골드핑거 Zerg - Winner!

Build Orders: Hatch First 

Get SALT Encoding   

  12  0:00  Drone  
  13  0:12  Overlord  
  13  0:17  Drone  
  14  0:31  Drone x2  
  17  0:35  Drone  
  17  0:51  Hatchery  
  17  0:54  Drone  
  17  0:57  Drone  
  18  1:07  Extractor  
  17  1:12  Spawning Pool  
  17  1:16  Drone  
  18  1:18  Drone  
  18  1:28  Drone  
  19  1:41  Drone  
  20  1:50  Drone  
  21  2:02  Queen  
  21  2:03  Queen  
  21  2:04  Zergling x4  
  27  2:15  Hatchery  
  26  2:20  Metabolic Boost  
  26  2:24  Drone  
  26  2:29  Overlord  
  27  2:32  Drone  
  27  2:37  Overlord  
  28  2:47  Drone  
  28  2:48  Drone x3  
  32  2:56  Queen  
  34  3:00  Drone x2  
  34  3:05  Drone  
  37  3:08  Drone  
  38  3:13  Drone x3  
  38  3:19  Drone  
  42  3:21  Drone  
  42  3:26  Queen, Overlord  
  45  3:34  Queen  
  47  3:46  Drone x5  
  52  3:51  Zergling x4  
  54  3:58  Queen  
  54  4:00  Overlord x2  
  55  4:13  Lair  
  55  4:16  Queen  
  57  4:17  Overlord x2  
  57  4:19  Overlord  
  57  4:20  Drone x2  
  59  4:31  Drone  
  59  4:32  Drone x5  
  65  4:38  Overlord  
  65  4:39  Overlord  
  65  4:42  Drone  
  65  4:43  Drone x3  
  69  4:48  Drone x4  
  69  4:49  Drone x2  
  69  4:52  Drone x3  
  78  4:55  Drone  
  78  4:58  Extractor x2  
  77  5:00  Baneling Nest, Drone  
  77  5:02  Evolution Chamber  
  77  5:04  Drone  
  77  5:13  Evolution Chamber  
  76  5:17  Infestation Pit  
  76  5:20  Hatchery  
  74  5:23  Extractor  
  74  5:24  Extractor, Drone  
  74  5:26  Zergling x20  
  83  5:29  Drone x3  
  83  5:33  Drone  
  87  5:36  Overseer  
  87  5:39  Overlord x2  
  86  5:53  Zergling x16  
  86  5:54  Hive  
  94  6:08  Centrifugal Hooks, Zerg Melee Weapons Level 1  
  94  6:09  Zergling x14  
  101  6:23  Drone x2, Zergling x2  
  101  6:24  Zergling x12  
  110  6:28  Overlord x4  
  110  6:29  Overlord  
  110  6:37  Zergling x4  
  112  6:40  Overseer  
  112  6:45  Baneling  
  112  6:46  Baneling x16  
  112  6:49  Infestor  
  112  6:51  Zergling x2  
  112  6:52  Zergling x14  
  122  7:00  Zergling x6  
  125  7:08  Drone x6  
  131  7:10  Hatchery  
  131  7:12  Drone  
  131  7:14  Zerg Ground Armor Level 1  
  131  7:15  Zergling x6  
  134  7:26  Adrenal Glands  
  134  7:29  Zergling x16  
  142  7:40  Overlord x2  
  142  7:41  Overlord  
  142  7:43  Drone x3, Extractor, Ultralisk Cavern  
  142  7:44  Drone  
  144  7:45  Drone  
  144  7:46  Drone  
  146  7:55  Overseer  
  146  8:03  Zergling x24  
  158  8:07  Drone  
  159  8:13  Spore Crawler  
  159  8:16  Spore Crawler  
  159  8:19  Spore Crawler  
  156  8:23  Spore Crawler  
  156  8:24  Drone x8  
  156  8:25  Drone x2  
  165  8:28  Zerg Melee Weapons Level 2  
  165  8:33  Pneumatized Carapace  
  165  8:34  Burrow  
  165  8:36  Drone x7  
  172  8:41  Overseer  
  172  8:49  Overseer x2  
  172  8:54  Overseer  
  172  8:56  Hatchery  
  172  8:58  Baneling x14  
  172  8:59  Chitinous Plating  
  171  9:03  Spore Crawler  
  171  9:06  Spore Crawler  
  169  9:17  Overlord x2  
  169  9:18  Zerg Ground Armor Level 2  
  169  9:21  Hatchery  
  169  9:23  Overseer  
  168  9:31  Drone x2  
  146  10:08  Zergling x78  
  183  10:18  Anabolic Synthesis  
  181  10:28  Ultralisk x3  
  138  10:58  Zergling x2  
  138  10:59  Zergling x32  
  141  11:14  Zergling x14  
  143  11:22  Overlord  
  143  11:23  Overlord x3, Overseer x3  
  140  11:27  Zergling x8  
  172  11:49  Zergling x16  
  172  11:54  Hatchery  
Show
View Real Time Build Order
Export as new Build Order

SialicAcid Terran 

Build Orders: Reaper Expand 

Get SALT Encoding   

  12  0:00  SCV  
  13  0:12  SCV  
  14  0:17  Supply Depot  
  14  0:24  SCV  
  15  0:39  SCV  
  15  0:40  Barracks  
  16  0:44  Refinery  
  16  0:51  SCV  
  17  1:03  SCV  
  18  1:16  SCV  
  19  1:25  Reaper  
  19  1:28  Orbital Command  
  20  1:39  Command Center  
  20  1:49  Supply Depot  
  20  1:53  SCV  
  21  1:59  Marine  
  22  2:04  Factory  
  22  2:06  SCV  
  23  2:18  SCV  
  24  2:29  Barracks Reactor  
  24  2:31  SCV  
  25  2:39  Command Center  
  25  2:43  SCV  
  26  2:51  Orbital Command  
  26  3:00  Starport  
  26  3:03  SCV  
  27  3:10  Refinery  
  27  3:13  Hellion  
  27  3:14  Hellion  
  27  3:18  SCV  
  32  3:21  SCV, Barracks Tech Lab  
  33  3:33  SCV  
  33  3:34  SCV  
  35  3:40  Viking  
  37  3:46  SCV  
  37  3:49  Hellion x2  
  37  3:51  Orbital Command  
  37  3:53  SCV  
  42  3:55  Stimpack  
  42  3:58  SCV  
  43  4:05  SCV  
  44  4:10  SCV  
  45  4:18  SCV  
  45  4:22  SCV  
  45  4:23  SCV  
  48  4:26  Barracks  
  48  4:28  Starport Reactor  
  48  4:32  Refinery x2  
  48  4:35  Factory Tech Lab, Engineering Bay  
  48  4:36  SCV x2, Supply Depot  
  48  4:37  Engineering Bay  
  48  4:38  Supply Depot, Orbital Command  
  50  4:47  Barracks  
  50  4:48  SCV  
  51  4:54  Marine  
  51  4:55  Siege Tank  
  55  5:05  SCV  
  55  5:06  SCV x2  
  58  5:16  Terran Infantry Weapons Level 1, Terran Infantry Armor Level 1  
  58  5:17  Starport Reactor  
  58  5:18  SCV  
  59  5:25  SCV  
  59  5:26  SCV  
  59  5:27  Marine x3  
  64  5:29  Siege Tank  
  64  5:30  SCV  
  68  5:37  SCV  
  68  5:38  SCV  
  68  5:42  SCV  
  71  5:45  Marine x3, Combat Shield  
  75  5:50  SCV x2  
  75  5:53  Refinery  
  75  5:54  SCV  
  77  6:10  Supply Depot  
  77  6:11  Supply Depot, Marine x5  
  77  6:12  SCV x3  
  85  6:22  Barracks  
  85  6:23  Barracks  
  85  6:31  Armory  
  85  6:32  Marine x2, Medivac x2, SCV  
  92  6:34  Supply Depot  
  92  6:38  SCV x2, Factory  
  94  6:41  Supply Depot, Barracks  
  94  6:44  SCV  
  95  6:47  Command Center  
  95  6:50  SCV x2  
  95  6:51  Marine x5, Supply Depot  
  102  7:01  Barracks  
  102  7:10  SCV x3  
  102  7:13  Ghost Academy  
  105  7:16  Barracks Tech Lab  
  105  7:17  Barracks Tech Lab, Liberator x2  
  105  7:20  Terran Ship Weapons Level 1  
  105  7:22  SCV  
  112  7:23  Factory Reactor  
  112  7:24  Widow Mine  
  112  7:27  Drilling Claws  
  112  7:28  SCV x2  
  116  7:37  Terran Infantry Weapons Level 2  
  116  7:40  Terran Infantry Armor Level 2  
  116  7:43  Barracks Reactor, Marine x2  
  118  7:55  Marine, Refinery  
  119  7:59  Armory  
  119  8:09  Widow Mine x3, Ghost  
  119  8:10  Ghost, Marine  
  130  8:22  Marine x5  
  130  8:23  Marauder  
  137  8:29  Command Center  
  137  8:31  Widow Mine, Liberator  
  137  8:32  Liberator  
  137  8:33  Command Center  
  137  8:34  Widow Mine  
  147  8:49  Planetary Fortress  
  147  8:51  SCV  
  148  9:04  Supply Depot  
  148  9:06  Supply Depot  
  148  9:08  Marine x2  
  148  9:09  SCV x2, Widow Mine, Marauder  
  156  9:14  Missile Turret  
  156  9:16  Sensor Tower  
  156  9:20  Marine  
  156  9:21  Missile Turret  
  156  9:25  Medivac  
  156  9:26  Widow Mine x2, Marauder, Command Center  
  156  9:27  Marine x5, SCV x3  
  172  9:40  Ghost  
  172  9:41  SCV x4, Widow Mine, Marauder  
  181  9:47  Widow Mine  
  181  9:51  Orbital Command  
  183  9:53  SCV x2  
  187  10:00  Marine x7, Widow Mine  
  187  10:02  Marine  
  187  10:05  SCV x2  
  187  10:06  SCV x2  
  199  10:07  Refinery  
  199  10:09  Refinery, Marine  
  197  10:30  Planetary Fortress  
  195  10:36  Marine  
  195  10:37  Marine x4  
  195  10:40  Personal Cloaking  
  199  10:45  Fusion Core  
  154  10:52  Marine x4  
  154  10:54  Marine x2  
  154  10:55  Marine  
  157  11:02  Orbital Command  
  131  11:10  Marine x2  
  131  11:11  Marauder x2  
  126  11:12  Thor, Marine x3  
  126  11:15  Widow Mine  
  126  11:16  Widow Mine, Marine x2  
  125  11:19  Refinery  
  124  11:28  Marine, Marauder  
  124  11:29  Refinery  
  124  11:30  Marine  
  128  11:33  Marine  
  128  11:34  Ghost x2  
  128  11:35  Marine  
  128  11:36  Marine  
  128  11:37  Widow Mine  
Tags
 
Add a new tag
Caveats
  • Supply blocks, unpowered buildings, or Contaminate may cause inaccurate times.
  • Supply counts are checked every 10 seconds.